 Dungeon Crawl Stone Soup version 0.30-a0-972-gf3ab3527aa (webtiles) character file.

Game seed: 9777551631228008461

941 Mickster the Chopper (level 8, -1/69 HPs)
             Began as a Hill Orc Berserker on Mar 30, 2023.
             Was a Believer of Trog.
             Slain by a troll (2 damage)
             ... on level 6 of the Dungeon on Mar 31, 2023.
             The game lasted 00:50:15 (4194 turns).

Mickster the Chopper (Hill Orc Berserker)           Turns: 4194, Time: 00:50:17

Health: -1/69      AC: 14    Str: 22    XL:     8   Next: 12%
Magic:  8/8        EV:  8    Int:  7    God:    Trog [**....]
Gold:   222        SH:  0    Dex: 10    Spells: 7/7 levels left

rFire   . . .      SeeInvis .    a - +2 hand axe
rCold   . . .      Faith    +    (no shield)
rNeg    . . .      Spirit   .    b - +0 chain mail
rPois   .          Reflect  .    (no helmet)
rElec   .          Rampage  .    k - +0 cloak
rCorr   .                        (no gloves)
Will    +....                    A - +2 pair of boots Stlth
                                 h - amulet of faith
HPRegen 0.31/turn                m - ring of flight
MPRegen 0.11/turn                w - ring of willpower

@: mighty, lethally poisoned (-1 -> -6), on berserk cooldown, flying
A: no striking features
a: Renounce Religion, Berserk, Trog's Hand


You were on level 6 of the Dungeon.
You worshipped Trog.
Trog was pleased with you.
You visited 1 branch of the dungeon, and saw 6 of its levels.

You collected 222 gold pieces.

Inventory:

Hand Weapons
 a - a +2 hand axe (weapon)
 d - a +0 long sword
 l - a +0 falchion
 q - a +4 quarterstaff of chaos
 r - a +1 heavy hammer
 t - a +1 mace of holy wrath
Missiles
 o - 16 poisoned darts
 v - 5 silver boomerangs (quivered)
 x - a throwing net
Armour
 b - a +0 chain mail (worn)
 c - a +1 scale mail
 i - the +0 buckler "Tuwkopig" {*Corrode rF+ Stlth+}
   (You found it on level 5 of the Dungeon)

   rF:        It protects you from fire.
   *Corrode:  It may corrode you when you take damage.
   Stlth:     It makes you more stealthy.
 k - a +0 cloak (worn)
 A - a +2 pair of boots (worn)
Jewellery
 h - an amulet of faith (around neck)
 m - a ring of flight (left hand)
 w - a ring of willpower (right hand)
Wands
 n - a wand of digging (3)
 y - a wand of flame (20)
Scrolls
 f - 2 scrolls of identify
 g - 3 scrolls of teleportation
 z - a scroll of summoning {unknown}
Potions
 e - a potion of might
 j - a potion of magic
 p - a potion of flight
 s - a potion of heal wounds {unknown}
 u - a potion of resistance


   Skills:
 + Level 5.4 Fighting
 - Level 7.1 Axes
 * Level 3.7 Staves
 * Level 2.4 Throwing
 + Level 4.9 Armour
 + Level 2.2 Dodging
 + Level 0.2 Stealth


You had 7 spell levels left.
You didn't know any spells.
Your spell library was empty.

Dungeon Overview and Level Annotations

Branches:
Dungeon (6/15)             Temple (0/1) D:5

Altars:
Elyvilon
Vehumet
Xom


Message History

You hit the troll but do no damage.
The troll is moderately wounded.
You hit the kobold. The troll barely misses you. The troll claws you.
The troll claws you but does no damage. The kobold hits you but does no damage.
You hit the troll.
The troll is moderately wounded.
You hit the kobold.
You kill the kobold!
Trog accepts your kill. The troll barely misses you.
The troll claws you but does no damage. The troll claws you.
You barely miss the troll.
The troll is moderately wounded.
You hit the kobold. You hit the troll.
The troll is moderately wounded.
You hit the kobold.
You kill the kobold!
Trog accepts your kill.
The kobold brigand throws a poisoned dart.
The poisoned dart hits you!
You are poisoned.
The troll bites you. The troll claws you.
* * * LOW HITPOINT WARNING * * *
The troll claws you but does no damage.
Unknown command.
You feel very mighty all of a sudden.
Your skin stops crawling.
You feel less strong-willed.
You feel sick. The troll bites you but does no damage. The troll claws you.
* * * LOW HITPOINT WARNING * * *
The troll claws you!
* * * LOW HITPOINT WARNING * * *
You slash the troll!
The troll is severely wounded.
Your attacks no longer feel as feeble.
* * * LOW HITPOINT WARNING * * *
You feel sick. The troll bites you.
* * * LOW HITPOINT WARNING * * *
The troll claws you but does no damage. The troll claws you.
You die...

.......# ...##.
.....# ......
....# ......
#..##...##.
########.........
........<........
...........#####.
..###..)).#?[!#.
#@!...#/[:#.
#....)T....#$/[#.
#..........#####.
#..K..:..........
#................
.....##...##......
##... #...# ......
#.!. #.<.# .....


You could see a troll and a kobold brigand.

Vanquished Creatures
  Menkaure (D:4)
  Edmund (D:4)
  2 ogres
  2 kobold brigands (D:3)
  A jelly (D:4)
  A gnoll bouda (D:6)
  A sleepcap (D:5)
  Crazy Yiuf (D:3)
  2 hounds
  An iguana (D:5)
  2 orc wizards
  3 gnolls (D:6)
  4 adders
  A worm (D:5)
  2 dart slugs
  11 orcs
  8 ball pythons
  4 endoplasms
  3 giant cockroaches
  6 hobgoblins
  4 quokkas
  A bat (D:1)
  2 frilled lizards (D:1)
  4 goblins
  17 kobolds
  5 rats
90 creatures vanquished.

Notes
Turn   | Place    | Note
-------+----------+-------------------------------------------
     0 | D:1      | Mickster the Hill Orc Berserker began the quest for the
                  | Orb.
     0 | D:1      | Reached XP level 1. HP: 19/19 MP: 1/1
   392 | D:1      | Reached XP level 2. HP: 27/27 MP: 2/2
  1002 | D:2      | Reached XP level 3. HP: 19/33 MP: 3/3
  1723 | D:3      | Reached skill level 5 in Axes
  1923 | D:3      | Found a faded altar of an unknown god.
  2006 | D:3      | Reached XP level 4. HP: 38/40 MP: 4/4
  2183 | D:3      | Noticed a kobold brigand
  2202 | D:3      | Killed a kobold brigand
  2203 | D:3      | Reached skill level 6 in Axes
  2203 | D:3      | Reached XP level 5. HP: 16/47 MP: 5/5
  2203 | D:3      | Noticed a kobold brigand
  2213 | D:3      | Reached ** piety under Trog
  2224 | D:3      | Killed a kobold brigand
  2225 | D:3      | Reached XP level 6. HP: 5/53 MP: 6/6
  2319 | D:3      | Reached skill level 7 in Axes
  2412 | D:3      | Found a runed translucent door.
  2413 | D:3      | Noticed Crazy Yiuf
  2421 | D:3      | Killed Crazy Yiuf
  2735 | D:4      | Reached skill level 1 in Throwing
  2769 | D:4      | Noticed Menkaure
  2777 | D:4      | Killed Menkaure
  2778 | D:4      | Reached skill level 1 in Staves
  2895 | D:4      | Upgraded the game from 0.30-a0-964-gd452b5e7fa to
                  | 0.30-a0-972-gf3ab3527aa
  2918 | D:4      | Noticed Edmund
  2926 | D:4      | Killed Edmund
  2927 | D:4      | Reached XP level 7. HP: 60/60 MP: 7/7
  3387 | D:5      | Entered Level 5 of the Dungeon
  3408 | D:5      | Reached skill level 5 in Fighting
  3448 | D:5      | Found a shimmering altar of Xom.
  3476 | D:5      | Found a staircase to the Ecumenical Temple.
  3734 | D:5      | Found a white marble altar of Elyvilon.
  3781 | D:5      | Found a radiant altar of Vehumet.
  3904 | D:5      | Identified the +0 buckler "Tuwkopig" {*Corrode rF+ Stlth+}
  4150 | D:6      | Reached XP level 8. HP: 69/69 MP: 8/8
  4179 | D:6      | Noticed a troll
  4194 | D:6      | HP: 3/69 [poisoned by a kobold brigand]
  4194 | D:6      | HP: 1/69 [troll (2)]
  4194 | D:6      | Slain by a troll

Illustrated notes

Levels and vault maps discovered:
D:1:      ebering_trefoil_twist, layout_basic
D:2:      layout_loops_ring, kennysheep_generic_room_6
D:3:      cheibrodos_thug_alley, layout_loops_ring,
          hellmonk_ecumenical_altar_zigzags, grunt_decor_cap,
          uniq_crazy_yiuf_cottage
D:4:      layout_cave_pods, marbit_many_paths, uniq_edmund, uniq_menkaure
D:5:      layout_basic, mainiacjoe_overflow_alcove_1,
          mainiacjoe_overflow_large_starburst, minmay_temple_entry_stoned_glass
D:6:      layout_gridville, mainiacjoe_overflow_tiny_flanked,
          nzn_hepliaklqana_mist_gate, due_unseen_surprise, uniq_grinder

Skill      XL: |  1  2  3  4  5  6  7 |
---------------+----------------------+-----
Fighting       | 4 5 |  5.4
Axes           | 5 6 7 |  7.1
Dodging        | 2 |  2.2
Armour         | 3 4 |  4.9
Throwing       | 1 2 |  2.4
Staves         | 2 3 |  3.7
Stealth        | |  0.2

Action                     |  1- 3 |  4- 6 |  7- 9 || total
---------------------------+-------+-------+-------++-------
  Melee: Hand axe          |    87 |    51 |    43 ||   181
         Punch             |     1 |     1 |       ||     2
         Quarterstaff      |       |    22 |    28 ||    50
  Throw: Boomerang         |       |       |     2 ||     2
 Invoke: Berserk           |     3 |     5 |     1 ||     9
         Trog's Hand       |       |     1 |     2 ||     3
    Use: Potion            |     3 |     2 |     1 ||     6
         Scroll            |     5 |     2 |     3 ||    10
 Armour: Scale mail        |    33 |       |       ||    33
         Animal skin       |     1 |       |       ||     1
         Chain mail        |    11 |    46 |    41 ||    98
  Dodge: Dodged            |    43 |    22 |    28 ||    93

Table legend: (Time is in decaauts)
 A = Elapsed time spent in this place.
 B = Non-inter-level travel time spent in this place.
 C = Inter-level travel time spent in this place.
 D = Time resting spent in this place.
 E = Time spent auto-exploring this place.
 F = Levels seen in this place.
 G = Mean time per level.
                   A        B        C        D        E       F      G
               +--------+--------+--------+--------+--------+-----+--------+
         Total |   4281 |   3787 |    494 |    264 |      0 |   6 |  713.5 |
       Dungeon |   4281 |   3787 |    494 |    264 |      0 |   6 |  713.5 |
               +--------+--------+--------+--------+--------+-----+--------+

Top non-repeatable levels by time:
     D:3: 1109 daAuts
     D:1: 972 daAuts
     D:5: 754 daAuts
     D:4: 701 daAuts
     D:2: 683 daAuts
     D:6: 60 daAuts
